 Dungeon Crawl Stone Soup version 0.23.2-1-ga50397a (webtiles) character file.

Game seed: 8467896175868680411

2869 wyoknott the Spear-Bearer (level 9, -1/78 HPs)
             Began as a Minotaur Fighter on Apr 22, 2019.
             Was an Initiate of Gozag.
             Slain by a sky beast (6 damage)
             ... on level 8 of the Dungeon.
             The game lasted 00:48:03 (8216 turns).

wyoknott the Spear-Bearer (Minotaur Fighter)        Turns: 8216, Time: 00:48:05

Health: -1/78      AC: 22    Str: 23    XL:     9   Next: 47%
Magic:  8/8        EV:  3    Int:  5    God:    Gozag
Gold:   1193       SH: 17    Dex: 11    Spells: 8/8 levels left

rFire    . . .     SeeInvis .   i - +3 mace (protect)
rCold    . . .     Gourm    .   G - +0 large shield
rNeg     . . .     Faith    .   m - +2 plate armour
rPois    .         Spirit   .   (helmet restricted)
rElec    .         Reflect  .   (no cloak)
rCorr    .         Harm     .   (no gloves)
MR       .....                  (no boots)
Stlth    ..........             (no amulet)
HPRegen  0.23/turn              (no ring)
MPRegen  0.11/turn              (no ring)

@: gold aura, protection aura, berserk cooldown, slowed, very slow
A: retaliatory headbutt, horns 2
a: Potion Petition, Call Merchant, Bribe Branch, Renounce Religion


You were on level 8 of the Dungeon.
You worshipped Gozag.
Gozag was most pleased with you.
You were very hungry.

You visited 1 branch of the dungeon, and saw 8 of its levels.

You collected 1203 gold pieces.
You paid 10 gold pieces to Gozag.

Inventory:

Hand Weapons
 a - a +2 trident
 i - a +3 mace of protection (weapon)
 j - a +3 falchion of holy wrath
 F - a cursed +1 battleaxe
 H - a +0 dire flail
Missiles
 q - 3 silver tomahawks (quivered)
Armour
 m - a +2 plate armour (worn)
 o - a +1 ring mail of cold resistance
 w - the +1 robe of Zin's Castigation {rPois Str+3}
   (You took it off an orc wizard on level 5 of the Dungeon)

   It affects your strength (+3).
   It protects you from poison.
 G - a +0 large shield (worn)
Magical Staves
 v - an uncursed staff of earth
Jewellery
 z - an uncursed amulet of magic regeneration
 E - an uncursed ring of magical power
Wands
 u - a wand of flame (41)
 y - a wand of polymorph (10)
Scrolls
 b - a scroll of identify
 k - 4 scrolls of enchant weapon
 l - 4 scrolls of remove curse
 B - 3 scrolls of magic mapping
 C - 2 scrolls of enchant armour
Potions
 e - 2 potions of agility
 n - a potion of flight
 p - 2 potions of lignification
 r - a potion of ambrosia {unknown}
 s - a potion of degeneration {unknown}
 D - 2 potions of brilliance
Comestibles
 f - 11 rations


   Skills:
 + Level 6.5 Fighting
 * Level 6.1 Maces & Flails
 - Level 9.1 Polearms
 + Level 6.9 Armour
 - Level 0.5 Dodging
 * Level 8.8 Shields


You had 8 spell levels left.
You didn't know any spells.
Your spell library was empty.

Dungeon Overview and Level Annotations

Branches:
Dungeon (8/15)             Temple (0/1) D:4
   Lair: D:8-11

Altars:
Ashenzari
Cheibriados
Gozag
Trog
The Shining One

Annotations:
D:3 !, exclusion: downstairs
D:8 Harold


Innate Abilities, Weirdness & Mutations

You reflexively headbutt those who attack you in melee.
You have a pair of horns on your head.


Message History

You sock Harold!
Harold is moderately wounded.
The insubstantial wisp blinks!
You block Harold's attack.
The insubstantial wisp thrums sharply.
You are struck by an arc of lightning.
* * * LOW HITPOINT WARNING * * *
You closely miss Harold. Your headbutt misses Harold.
Harold is moderately wounded.
You are no longer berserk.
You are exhausted.
You feel yourself slow down.
The sky beast is no longer distracted by gold.
You hit Harold.
Harold is moderately wounded.
You block the insubstantial wisp's attack.
You block Harold's attack. The sky beast hits you.
* * * LOW HITPOINT WARNING * * *
The sky beast shocks you.
You die...
Your body crumbles into a pile of gold.

$ ...#.. ≈.$# .≈≈
......≈≈#$ $#≈≈.
..#..≈≈.##$.≈≈. $
....≈≈Y[..§§§# #..
v§..≈≈§§
#.%#§≈≈≈≈≈#.. #.
#..§#≈≈≈≈.... #.
#.@@v≈..#...#
####.##..§Y.......#
#.....#Z##.#......#
#. #...##....#####
#. #........##
#.###.....####
#.........#
##)#......#
#...##...##


You could see Harold, 2 sky beasts, 2 insubstantial wisps and a bullfrog zombie.

Vanquished Creatures
  A polar bear (D:7)
  A steam dragon (D:8)
  3 orc warriors
  An ice beast (D:7)
  2 sky beasts
  A centaur (D:8)
  3 ogres
  A bullfrog (D:6)
  5 scorpions
  4 wights (D:7)
  2 howler monkeys
  A bullfrog zombie (D:8)
  A crimson imp (D:6)
  A centaur skeleton (D:7)
  4 hounds
  3 orc priests
  12 orc wizards
  A jelly (D:7)
  A bullfrog skeleton (D:4)
  3 iguanas
  3 worker ants
  A killer bee zombie (D:7)
  A hound skeleton (D:4)
  A howler monkey zombie (D:6)
  5 adders
  An ooze (D:2)
  An adder skeleton (D:4)
  4 worms
  2 dart slugs
  5 leopard geckos
  36 orcs
  9 bats
  6 giant cockroaches
  8 goblins
  11 hobgoblins
  6 jackals
  3 quokkas
  3 ball pythons
  7 frilled lizards
  5 kobolds
  16 rats
185 creatures vanquished.

Notes
Turn   | Place    | Note
-------+----------+-------------------------------------------
     0 | D:1      | wyoknott the Minotaur Fighter began the quest for the Orb.
     0 | D:1      | Reached XP level 1. HP: 19/19 MP: 0/0
   199 | D:1      | Reached XP level 2. HP: 27/27 MP: 1/1
   628 | D:2      | Reached XP level 3. HP: 33/33 MP: 2/2
   642 | D:2      | Reached skill level 3 in Polearms
   668 | D:2      | Found an opulent altar of Gozag.
  1000 | D:2      | Reached XP level 4. HP: 40/40 MP: 3/3
  1005 | D:2      | Found a faded altar of an unknown god.
  1315 | D:2      | Became a worshipper of Gozag Ym Sagoz the Greedy
  1690 | D:3      | Found a snail-covered altar of Cheibriados.
  1755 | D:3      | Reached skill level 4 in Polearms
  2170 | D:3      | Reached XP level 5. HP: 47/47 MP: 4/4
  2421 | D:4      | Noticed an ogre
  2877 | D:4      | Reached skill level 5 in Shields
  3033 | D:4      | Reached skill level 5 in Polearms
  3084 | D:4      | Noticed an orc warrior
  3106 | D:4      | Reached XP level 6. HP: 51/53 MP: 5/5
  3125 | D:4      | Killed an orc warrior
  3131 | D:4      | Reached skill level 5 in Fighting
  3454 | D:4      | Reached skill level 6 in Polearms
  3454 | D:4      | Reached skill level 5 in Armour
  3512 | D:4      | Reached XP level 7. HP: 61/61 MP: 6/6
  4751 | D:4      | Found a staircase to the Ecumenical Temple.
  4842 | D:5      | Entered Level 5 of the Dungeon
  4942 | D:5      | Reached skill level 7 in Polearms
  5057 | D:5      | Identified the +1 robe of Zin's Castigation {rPois Str+3}
  5434 | D:5      | Reached XP level 8. HP: 68/70 MP: 7/7
  5449 | D:5      | Reached skill level 8 in Polearms
  5748 | D:5      | Noticed a moth of wrath
  5751 | D:5      | Found a bloodstained altar of Trog.
  6540 | D:6      | Reached skill level 9 in Polearms
  6615 | D:6      | Found a shattered altar of Ashenzari.
  6615 | D:6      | Found a glowing golden altar of the Shining One.
  6970 | D:6      | Reached skill level 1 in Maces & Flails
  7730 | D:7      | Reached XP level 9. HP: 77/78 MP: 8/8
  7781 | D:7      | Noticed Joseph
  7799 | D:7      | Noticed Joseph
  7799 | D:7      | Joseph changed into Joseph the polar bear
  7810 | D:7      | Killed Joseph the polar bear
  7909 | D:7      | Reached skill level 5 in Maces & Flails
  8202 | D:8      | Noticed Harold
  8205 | D:8      | HP: 3/78 [insubstantial wisp (3)]
  8216 | D:8      | Slain by a sky beast

Skill      XL: |  1  2  3  4  5  6  7  8  9 |
---------------+----------------------------+-----
Fighting       | 4 5 6 |  6.5
Armour         | 4 5 6 |  6.9
Shields        | 4 5 6 7 8 |  8.8
Polearms       | 3 4 5 6 7 9 |  9.1
Maces & Flails | 4 6 |  6.1
Dodging        | |  0.5

Action                   |  1- 3 |  4- 6 |  7- 9 || total
-------------------------+-------+-------+-------++-------
Melee: Trident           |   120 |   127 |   228 ||   475
       Headbutt          |    11 |    18 |    71 ||   100
       Mace              |       |       |   153 ||   153
Evoke: Wand              |       |       |     2 ||     2
  Use: Scroll            |       |    11 |    10 ||    21
       Potion            |       |     2 |     3 ||     5
 Stab: Distracted        |       |       |     1 ||     1
  Eat: Chunk             |       |     2 |       ||     2
       Ration            |       |     2 |     4 ||     6
Armor: Scale mail        |    50 |       |       ||    50
       Plate armour      |    36 |    59 |   214 ||   309
Dodge: Dodged            |    36 |    19 |    46 ||   101
Block: Shield            |    94 |    69 |   163 ||   326
       Large shield      |       |       |    92 ||    92
